 Dungeon Crawl Stone Soup version 0.21-a0-221-gfe971b9 (webtiles) character file.

214 Gorglomux the Skirmisher (level 5, -10/51 HPs)
             Began as a Hill Orc Earth Elementalist on Aug 23, 2017.
             Mangled by an ogre
             ... wielding a +0 giant club
              (16 damage)
             ... on level 4 of the Dungeon on Aug 24, 2017.
             The game lasted 00:09:47 (5739 turns).

Gorglomux the Skirmisher (HOEE)                     Turns: 5739, Time: 00:09:48

Health: -10/51     AC:  2    Str: 14    XL:     5   Next: 91%
Magic:  6/7        EV: 12    Int: 15    God:
Gold:   80         SH:  0    Dex: 11    Spells: 6/7 levels left

rFire    . . .     SeeInvis .   z - +0 spear
rCold    . . .     Gourm    .   (no shield)
rNeg     . . .     Faith    .   c - +0 robe
rPois    .         Spirit   .   (no helmet)
rElec    .         Reflect  .   (no cloak)
rCorr    .         Harm     .   (no gloves)
MR       .....                  (no boots)
Stlth    ++........             (no amulet)
HPRegen  0.17/turn              (no ring)
MPRegen  0.10/turn              (no ring)

@: very slightly contaminated, invisible
A: blink, strong 1
a: Blink


You were on level 4 of the Dungeon.
You were not hungry.

You visited 1 branch of the dungeon, and saw 4 of its levels.

You collected 80 gold pieces.

Inventory:

Hand Weapons
 h - a +0 short sword
 z - a +0 spear (weapon)
Missiles
 b - 33 stones (quivered)
Armour
 c - a +0 robe (worn)
Scrolls
 j - a scroll of recharging {unknown}
 l - a scroll of enchant weapon {unknown}
 o - a scroll of fear {unknown}
 q - 2 scrolls of magic mapping {unknown}
 r - 2 scrolls of identify {unknown}
 t - a scroll of teleportation {unknown}
 v - a scroll of remove curse {unknown}
 y - a scroll of immolation {unknown}
 A - a scroll of fog {unknown}
Potions
 x - a potion of mutation {!q}
 B - a potion of might {unknown}
Books
 e - a book of Geomancy

   Spells                             Type                      Level
   a - Sandblast                      Earth                        1
   b - Passwall                       Transmutation/Earth          2
   c - Stone Arrow                    Conjuration/Earth            3
   d - Petrify                        Transmutation/Earth          4
   e - Lee's Rapid Deconstruction     Earth                        5
Comestibles
 d - 4 bread rations


   Skills:
 + Level 6.5 Fighting
 - Level 1.5 Dodging
 - Level 1.5 Stealth
 - Level 1.5 Spellcasting
   Level 0.6 Transmutations
 - Level 3.0 Earth Magic


You had 6 spell levels left.
You knew the following spells:

 Your Spells              Type           Power        Failure   Level  Hunger
a - Sandblast             Erth           ##....       7%          1    ##.....


Dungeon Overview and Level Annotations

Branches:
Dungeon (4/15)
 Temple: D:4-7

Altars:
Trog
Vehumet


Innate Abilities, Weirdness & Mutations

You can translocate small distances at will.
Your muscles are strong. (Str +2)


Message History

You start resting!
An ogre comes into view! It is wielding a giant club!
An ogre is nearby!!!
Unknown butt!
You cannot move!
You cannot move!
You cannot move!
You see here a tomahawk!
You see here a tomahawk!
You see here a tomahawk!
You butt here a tomahawk!
The ogre shouts!!!
It was a potion of invisibility!
You fade into invisibility!!!
You feel less wooden!
Your +0 robe unmelds from your body!
You are very lightly contaminated with residual butt!
Okay, then!
There is a stone staircase leading up here!
The ogre hits you with a giant club!!! rip

### ###########
###.# #.@##.....##
##....
#.O##......###.....
#...........#......
##............###..
#...........## ##.
..# #............##
## #..#
#..#..........# #
#..#
#...#.......###
#..# ##..........##


You could see an ogre.

Vanquished Creatures
  A hound (D:4)
  A worker ant (D:4)
  2 adders
  2 oozes
  4 worms
  3 dart slugs
  3 leopard geckos
  11 orcs
  8 bats
  7 giant cockroaches
  10 goblins
  8 hobgoblins
  12 jackals
  A ball python (D:2)
  6 frilled lizards
  13 kobolds
  5 rats
97 creatures vanquished.

Vanquished Creatures (others)
  A bat (D:1)
1 creature vanquished.

Grand Total: 98 creatures vanquished

Notes
Turn   | Place    | Note
-------+----------+-------------------------------------------
     0 | D:1      | Gorglomux the Hill Orc Earth Elementalist began the quest for the Orb.
     0 | D:1      | Reached XP level 1. HP: 14/14 MP: 3/3
    82 | D:1      | Reached skill level 1 in Fighting
   288 | D:1      | Reached skill level 2 in Fighting
   288 | D:1      | Reached XP level 2. HP: 20/24 MP: 2/4
   903 | D:1      | Reached skill level 3 in Fighting
   926 | D:1      | Reached XP level 3. HP: 24/31 MP: 5/5
  1677 | D:1      | Reached skill level 4 in Fighting
  1999 | D:2      | Found a radiant altar of Vehumet.
  2246 | D:2      | Reached XP level 4. HP: 37/40 MP: 6/6
  2645 | D:2      | Found a bloodstained altar of Trog.
  3552 | D:2      | Reached skill level 5 in Fighting
  3553 | D:2      | Upgraded the game from 0.21-a0-216-g6d3fd91 to 0.21-a0-221-gfe971b9
  3894 | D:3      | HP: 1/42 [orc (2)]
  3960 | D:3      | HP: 2/42 [orc (3)]
  4217 | D:3      | Reached XP level 5. HP: 36/48 MP: 4/7
  5218 | D:4      | HP: 1/50 [worker ant (4)]
  5220 | D:4      | Gained mutation: Your muscles are strong. (Str +2) [potion of mutation]
  5220 | D:4      | Gained mutation: You can translocate small distances at will. [potion of mutation]
  5228 | D:4      | Reached skill level 6 in Fighting
  5696 | D:4      | HP: 3/76 [poisoned by an orc]
  5703 | D:4      | HP: 3/76 [poisoned by an orc]
  5711 | D:4      | HP: 3/76 [poisoned by an orc]
  5719 | D:4      | Noticed an ogre
  5739 | D:4      | Mangled by an ogre

Vault maps used:
D:1:      onia_arrival_pentagram
D:2:      nicolae_overflow_crystal_walls, nicolae_overflow_hidden_temple
D:3:      dancing_weapons_uskayaw, first_bread, nrook_mini_backslash
D:4:      serial_park, serial_park_tiny_2, serial_park_square1,
          kennysheep_crisscross, uniq_eustachio

Skill      XL: |  1  2  3  4  5 |
---------------+----------------+-----
Fighting       | 2 3 4 5 6 |  6.5
Dodging        | |  1.5
Stealth        | |  1.5
Spellcasting   | |  1.5
Transmutations | |  0.6
Earth Magic    | |  3.0

Action                   |  1- 3 |  4- 6 || total
-------------------------+-------+-------++-------
Melee: Unarmed           |    48 |       ||    48
       Short sword       |   163 |   262 ||   425
       Spear             |       |    60 ||    60
 Cast: Sandblast         |    14 |    37 ||    51
  Use: Potion            |       |     7 ||     7
 Stab: Sleeping          |     4 |     4 ||     8
  Eat: Chunk             |     5 |     7 ||    12
       Fruit             |       |     3 ||     3
       Bread ration      |       |     1 ||     1
Armor: Robe              |    61 |    52 ||   113
       Skin              |       |     7 ||     7
Dodge: Dodged            |   171 |   271 ||   442

Table legend:
 A = Spawn XP
 B = Non-spawn XP
 C = Spawn XP percentage of total XP
 D = Spawn monster count
 E = Non-spawn monster count
 F = Spawn count percentage of total count
 G = Total turns spent on level
                    A         B        C        D         E        F      G
               +---------+---------+-------+---------+---------+-------+---------
         Total |      54 |     252 |  17.6 |      23 |      74 |  23.7 |  5739
               +---------+---------+-------+---------+---------+-------+---------
           D:1 |      20 |      54 |  27.0 |       9 |      30 |  23.1 |  1953
           D:2 |      16 |      46 |  25.8 |       8 |      16 |  33.3 |  1673
           D:3 |      18 |      64 |  22.0 |       6 |      22 |  21.4 |  1553
           D:4 |       0 |      88 |   0.0 |       0 |       6 |   0.0 |   560
               +---------+---------+-------+---------+---------+-------+---------
